Map: Triton LE

Players

pHARM - Winner!

  • Race: Zerg Zerg
  • League: Platinum
  • Spawn Location: 5:00

jisus

  • Race: Terran Terran
  • League: Diamond
  • Spawn Location: 11:00

VOD

Have the link to the VOD?

Description

Time

  • Played on: Sept. 7, 2019, 5:33 p.m.
  • Length: 18:05
Show
View Real Time Build Order
Export as new Build Order

pHARM Zerg - Winner!

Build Orders: Hatch First 

Get SALT Encoding   

  12  0:02  Drone  
  13  0:14  Overlord  
  13  0:23  Drone  
  14  0:32  Drone x2  
  16  0:50  Hatchery  
  16  0:55  Drone  
  16  0:57  Drone  
  17  1:13  Drone  
  17  1:16  Spawning Pool  
  17  1:18  Drone  
  17  1:20  Drone  
  20  1:32  Drone  
  20  1:39  Extractor  
  19  1:43  Drone  
  20  2:05  Queen  
  20  2:06  Queen  
  24  2:08  Zergling x4  
  24  2:09  Drone  
  27  2:16  Overlord  
  27  2:22  Drone  
  28  2:32  Overlord x2  
  28  2:46  Overlord  
  28  2:49  Queen x2  
  32  2:58  Drone x5  
  37  3:09  Drone  
  37  3:10  Drone  
  39  3:15  Drone  
  39  3:16  Drone x2  
  42  3:24  Metabolic Boost  
  42  3:26  Pneumatized Carapace  
  42  3:31  Drone  
  42  3:32  Drone x4  
  47  3:41  Baneling Nest  
  46  3:48  Evolution Chamber  
  45  3:52  Drone x5  
  45  3:54  Evolution Chamber  
  49  4:06  Overlord x2  
  49  4:10  Extractor  
  49  4:11  Extractor  
  49  4:15  Zerg Melee Weapons Level 1  
  47  4:37  Drone x2  
  49  4:41  Drone x2  
  51  4:47  Lair  
  51  5:04  Zerg Ground Armor Level 1  
  51  5:08  Zergling x20  
  61  5:18  Zergling x2  
  61  5:19  Zergling x4  
  61  5:20  Overlord  
  64  5:29  Hatchery  
  64  5:30  Spore Crawler  
  64  5:33  Spore Crawler  
  64  5:35  Spore Crawler x2  
  59  5:37  Spore Crawler  
  59  5:42  Spore Crawler  
  57  5:44  Drone x3  
  57  5:46  Drone x3  
  63  5:52  Drone  
  63  5:55  Hydralisk Den  
  63  6:18  Drone x2  
  65  6:26  Muscular Augments  
  65  6:44  Zerg Melee Weapons Level 2  
  65  6:49  Hatchery  
  65  6:50  Extractor  
  65  6:52  Drone x3  
  66  6:55  Infestation Pit  
  65  7:06  Centrifical Hooks  
  65  7:09  Overlord x3  
  65  7:20  Zerg Ground Armor Level 2  
  65  7:23  Zergling x12  
  71  7:37  Grooved Spines  
  71  7:58  Hatchery  
  70  7:59  Hive  
  70  8:00  Hydralisk x2  
  70  8:01  Hydralisk x7  
  88  8:07  Hatchery  
  87  8:31  Hydralisk x6  
  87  8:32  Hydralisk  
  87  8:33  Overlord x6  
  102  8:48  Drone x4  
  102  8:49  Drone  
  106  9:00  Zerg Missile Weapons Level 1  
  106  9:01  Hydralisk x4  
  114  9:34  Adrenal Glands  
  114  9:36  Zerg Melee Weapons Level 3  
  114  9:39  Drone x9  
  114  9:40  Drone x7  
  114  9:44  Extractor  
  114  9:45  Extractor  
  128  10:19  Spine Crawler  
  128  10:21  Spine Crawler  
  124  10:22  Spine Crawler  
  124  10:25  Baneling x3  
  124  10:26  Baneling x21  
  124  10:28  Zergling x18  
  124  10:29  Zergling x10  
  107  11:11  Spire  
  106  11:19  Zerg Ground Armor Level 3  
  106  11:38  Hydralisk x8  
  106  11:39  Hydralisk x6  
  134  11:41  Zergling x2  
  134  11:42  Zergling x22  
  146  11:57  Drone x6  
  146  11:58  Drone x2  
  154  12:12  Extractor  
  154  12:14  Extractor  
  152  12:27  Greater Spire  
  152  12:31  Zerg Missile Weapons Level 2  
  152  12:40  Ultralisk Cavern  
  151  12:52  Drone x6  
  151  12:55  Overlord x8  
  151  12:56  Overlord x7  
  157  13:37  Corruptor x10  
  177  13:44  Zerg Flyer Armor Level 1  
  176  14:48  Chitinous Plating  
  176  15:12  Corruptor x11  
  198  15:53  Hatchery  
  189  16:15  Ultralisk x3  
  189  16:16  Ultralisk x2  
  183  16:24  Ultralisk  
  159  16:25  Zergling x2  
  159  16:26  Zergling x30  
  159  16:27  Zergling x44  
  159  16:28  Zergling x6  
  188  16:40  Brood Lord x2  
  188  16:41  Brood Lord x4  
Show
View Real Time Build Order
Export as new Build Order

jisus Terran 

Build Orders: Mech 

Get SALT Encoding   

  12  0:01  SCV  
  13  0:13  SCV  
  14  0:18  Supply Depot  
  14  0:25  SCV  
  15  0:31  Refinery  
  15  0:42  Barracks  
  15  0:44  SCV  
  16  0:56  SCV  
  17  1:09  SCV  
  17  1:10  Refinery  
  19  1:29  Orbital Command  
  19  1:30  Marine, Supply Depot  
  19  1:48  Marine  
  19  1:51  Factory  
  20  1:57  SCV  
  21  2:06  Marine  
  22  2:12  SCV  
  23  2:20  Supply Depot  
  23  2:24  Marine  
  24  2:38  Factory Tech Lab, Starport  
  24  2:42  Marine  
  25  2:46  Supply Depot  
  25  2:48  SCV  
  26  2:58  Siege Tank  
  29  2:59  Marine  
  29  3:00  SCV  
  31  3:12  SCV  
  32  3:17  Marine  
  33  3:22  Fusion Core  
  33  3:41  Command Center  
  33  3:43  Marine  
  34  3:53  Starport Tech Lab  
  34  3:58  SCV, Supply Depot  
  35  4:30  Command Center  
  35  4:32  Marine  
  36  4:38  Battlecruiser  
  42  4:52  SCV  
  43  5:03  Engineering Bay  
  43  5:04  SCV  
  44  5:08  Marine  
  44  5:13  Hellion  
  47  5:16  SCV  
  48  5:27  Liberator  
  48  5:28  SCV  
  49  5:34  Hellion  
  51  5:40  SCV, Advanced Ballistics  
  55  5:52  SCV  
  55  5:56  Siege Tank  
  59  6:08  SCV  
  59  6:09  SCV  
  62  6:16  Refinery  
  62  6:17  Planetary Fortress  
  61  6:21  SCV x2  
  63  6:33  SCV x2  
  63  6:37  Liberator  
  65  6:45  SCV, Orbital Command  
  69  6:54  Marine  
  69  6:57  SCV  
  71  7:05  Factory  
  71  7:11  Armory  
  71  7:12  Marine  
  72  7:19  SCV  
  72  7:20  SCV x2  
  75  7:24  Refinery  
  75  7:30  Marine  
  76  7:37  Factory  
  76  7:45  Ghost Academy  
  76  7:48  Marine  
  77  7:53  Command Center  
  77  8:05  Marine  
  77  8:08  Viking  
  80  8:14  Factory Tech Lab  
  80  8:17  Hellion  
  82  8:21  Factory Reactor  
  82  8:23  Marine  
  83  8:38  Hellion  
  85  8:48  Terran Vehicle And Ship Armor Level 1  
  85  8:55  Supply Depot  
  85  8:56  Supply Depot  
  85  8:58  Supply Depot  
  85  9:04  Infernal Pre-Igniter, Marine, Viking  
  85  9:05  Hellion  
  85  9:07  Hellion x3  
  96  9:18  Orbital Command  
  96  9:20  Supply Depot  
  96  9:22  Marine  
  97  9:26  Hellion  
  99  9:34  Viking  
  101  9:40  Marine  
  101  9:42  Missile Turret  
  102  9:47  Thor x2  
  102  9:50  Hellion, Orbital Command  
  116  10:04  Viking  
  116  10:06  Missile Turret  
  112  10:22  Smart Servos  
  112  10:26  Missile Turret  
  80  10:47  Missile Turret  
  68  11:16  Command Center  
  68  11:17  Thor x2  
  80  11:20  Hellion  
  80  11:21  Marine, Hellion  
  80  11:24  Medivac  
  87  11:33  Terran Vehicle Weapons Level 1  
  87  11:36  Terran Infantry Weapons Level 1  
  87  11:39  Marine  
  88  11:53  Medivac  
  88  11:54  Personal Cloaking  
  90  12:07  Barracks Tech Lab  
  90  12:09  Barracks  
  90  12:17  Hellion x2  
  90  12:21  Thor  
  90  12:22  Hellion  
  102  12:23  Medivac  
  102  12:29  Command Center  
  104  12:38  Hellion x2  
  104  12:40  Orbital Command  
  104  12:43  Ghost, Hellion  
  112  12:53  Medivac  
  114  12:59  Hellion  
  114  13:00  Hellion  
  114  13:04  Barracks Tech Lab  
  118  13:19  Enhanced Shockwaves  
  118  13:21  Hellion x2  
  118  13:23  Medivac  
  118  13:26  Terran Vehicle And Ship Armor Level 2  
  124  13:30  Hi-Sec Auto Tracking  
  124  13:36  Orbital Command  
  124  13:42  Hellion  
  124  13:43  Hellion  
  128  13:53  Viking  
  129  14:09  Planetary Fortress  
  129  14:23  Viking  
  131  14:37  SCV  
  132  14:44  Refinery  
  132  14:49  SCV  
  135  14:53  Thor x2  
  135  14:56  Hellion  
  147  15:15  Refinery  
  147  15:18  Terran Infantry Weapons Level 2  
  147  15:42  Terran Vehicle Weapons Level 2  
  147  15:49  SCV  
  147  15:53  Liberator  
  147  16:07  SCV  
  146  16:11  Ghost  
  146  16:12  Hellion  
  146  16:13  Hellion  
  118  16:19  SCV  
  83  16:33  Hellion  
  83  16:36  Liberator  
  79  16:40  Marine  
  79  16:41  Marine  
  81  16:51  Missile Turret  
  84  16:58  Marine x2  
  86  17:01  Thor x2  
  86  17:04  Hellion x2  
  102  17:10  Missile Turret  
  99  17:16  Marine  
  95  17:25  Hellion x2  
  94  17:30  Missile Turret  
  94  17:33  Marine  
  94  17:53  Missile Turret  
Tags
 
Composition
Mech
Matchup
TvZ
Replay Pack
10.7.19
Spawn Locations
Cross Positions
Add a new tag
Caveats
  • Supply blocks, unpowered buildings, or Contaminate may cause inaccurate times.
  • Supply counts are checked every 10 seconds.